 Dungeon Crawl Stone Soup version 0.24.0-28-g17ded55e90 (webtiles) character file.

Game seed: 18078224374241378587, levelgen mode: deterministic

947 Nattfarinn the Digger (level 8, 0/80 HPs)
             Began as an Ogre Earth Elementalist on Nov 12, 2019.
             Slain by a slave (10 damage)
             ... led by Pikel
             ... on level 6 of the Dungeon.
             The game lasted 00:11:28 (5540 turns).

Nattfarinn the Digger (Ogre Earth Elementalist)     Turns: 5540, Time: 00:11:29

Health: 0/80       AC:  4    Str: 13    XL:     8   Next: 13%
Magic:  3/15       EV: 10    Int: 18    God:
Gold:   332        SH:  0    Dex:  9    Spells: 12/16 levels left

rFire    . . .     SeeInvis .   n - +3 mace (protect)
rCold    + . .     Gourm    .   (no shield)
rNeg     . . .     Faith    .   c - +0 robe
rPois    .         Spirit   .   (helmet restricted)
rElec    .         Reflect  .   m - +0 cloak
rCorr    .         Harm     +   (gloves unavailable)
MR       .....                  (boots unavailable)
Stlth    +.........             a - amulet of harm
HPRegen  0.23/turn              i - ring of protection from cold
MPRegen  0.14/turn              q - +5 ring of slaying

@: no status effects
A: large, unfitting armour, tough skin 1
a: no special abilities


You were on level 6 of the Dungeon.
You were very hungry.

You visited 1 branch of the dungeon, and saw 6 of its levels.

You collected 332 gold pieces.

Inventory:

Hand Weapons
 e - a +0 dagger
 k - a +0 flail of protection
 l - a +4 quarterstaff of chaos
 n - a +3 mace of protection (weapon)
Missiles
 b - 160 stones (quivered)
Armour
 c - a +0 robe (worn)
 m - a +0 cloak (worn)
Jewellery
 a - an amulet of harm (around neck)
 i - a ring of protection from cold (left hand)
 q - a +5 ring of slaying (right hand)
 x - a cursed amulet of inaccuracy {unknown}
Wands
 g - a wand of polymorph (10)
 v - a wand of random effects (9)
Scrolls
 f - a scroll of fog {unknown}
 j - 2 scrolls of identify {unknown}
 p - 2 scrolls of magic mapping {unknown}
 s - 2 scrolls of teleportation {unknown}
 u - a scroll of blinking {unknown}
 y - a scroll of random uselessness {unknown}
 B - a scroll of enchant armour {unknown}
Potions
 h - a potion of agility
 o - a potion of cancellation {unknown}
 r - a potion of magic {unknown}
 t - 4 potions of heal wounds {unknown}
 w - 2 potions of flight {unknown}
 z - a potion of curing {unknown}
 A - a potion of haste {unknown}
 C - a potion of brilliance {unknown}
Comestibles
 d - 12 rations


   Skills:
 + Level 5.0 Fighting
 - Level 1.7 Dodging
 - Level 1.4 Stealth
 + Level 4.9 Spellcasting
 * Level 3.3 Conjurations
   Level 0.8 Transmutations
 * Level 5.9 Earth Magic


You had 12 spell levels left.
You knew the following spells:

 Your Spells              Type           Power        Failure   Level  Hunger
a - Sandblast             Erth           ####..       1%          1    None
b - Stone Arrow           Conj/Erth      ###...       6%          3    ###....

Your spell library contained the following spells:

 Spells                   Type           Power        Failure   Level  Hunger
 Passwall                 Tmut/Erth      ###.....     4%          2    #......
 Confusing Touch          Hex            #.....       14%         1    None
 Petrify                  Tmut/Erth      ###.....     32%         4    ####...
 Lee's Rapid Deconstruct  Erth           ####......   32%         5    ######.
 Confuse                  Hex            #.......     38%         3    ###....
 Gell's Gravitas          Tloc           #.........   38%         3    ###....
 Yara's Violent Unravell  Hex/Tmut       #.........   97%         5    ######.
 Metabolic Englaciation   Hex/Ice        #.........   98%         5    ######.


Dungeon Overview and Level Annotations

Branches:
Dungeon (6/15)             Temple (0/1) D:6

Altars:
Makhleb
Xom

Annotations:
D:6 Pikel


Innate Abilities, Weirdness & Mutations

You are too large for most types of armour.
You have tough skin. (AC +1)


Message History

The blast of sand hits Pikel but does no damage.
Pikel is almost dead.
b - 161 stones The slave hits you but does no damage.
Pikel hits you with a +0 whip of freezing!
* * * LOW HITPOINT WARNING * * *
Pikel freezes you.
* * * LOW HITPOINT WARNING * * *
The slave barely misses you. The slave closely misses you. The slave hits you.
* * * LOW HITPOINT WARNING * * *
Casting: Sandblast (safe; 1% risk of failure)
Confirm with . or Enter, or press ? or * to list all spells.
Aiming: Sandblast (safe; 1% risk of failure)
Press: ? - help, Shift-Dir - straight line, f/p - Pikel
Aim: Pikel, wielding a +0 whip of freezing and wearing a +2 robe of magic resistance (almost dead)
The blast of sand hits Pikel but does no damage.
Pikel is almost dead.
b - 160 stones The slave hits you!
You die...

..........##. #..
.............##. # ##..
##...............
..#...##................
#...........##..........
#..........#......^....
##......................
#.....pp................
....$5p@................
......Kp...........##...
...........†............
#................##.....
.##.#............###....
...##............#.....
... .......###..........
.. ...#..## #..........
.. #.. ##....#..#.#


You could see Pikel, 4 slaves and a shadow imp.

Vanquished Creatures
  A sky beast (D:5)
  A centaur (D:5)
  2 scorpions
  A howler monkey (D:5)
  A jelly (D:4)
  A hound (D:4)
  A bullfrog skeleton (D:4)
  2 gnoll shamans
  An orc priest (D:5)
  An orc wizard (D:5)
  Crazy Yiuf (D:2)
  Natasha (thrice) (D:2)
  2 worker ants
  A hound skeleton (D:4)
  12 gnolls
  2 adders (D:2)
  A shadow imp (D:6)
  2 adder skeletons
  3 worms
  5 leopard geckos
  7 orcs
  A giant cockroach (D:3)
  10 goblins
  10 hobgoblins
  20 jackals
  6 kobolds
  3 quokkas (D:3)
  A ball python (D:3)
  7 bats
  14 frilled lizards
  A jackal skeleton (D:5)
  A leopard gecko skeleton (D:4)
  10 rats
135 creatures vanquished.

Notes
Turn   | Place    | Note
-------+----------+-------------------------------------------
     0 | D:1      | Nattfarinn the Ogre Earth Elementalist began the quest for
                  | the Orb.
     0 | D:1      | Reached XP level 1. HP: 16/16 MP: 3/3
   498 | D:1      | Reached XP level 2. HP: 22/26 MP: 5/5
   532 | D:1      | Reached skill level 1 in Fighting
  1040 | D:1      | Reached XP level 3. HP: 13/33 MP: 2/7
  1660 | D:2      | Noticed Natasha
  1668 | D:2      | Killed Natasha
  1834 | D:2      | Found a runed translucent door.
  1835 | D:2      | Noticed Crazy Yiuf
  1875 | D:2      | Reached XP level 4. HP: 40/42 MP: 5/8
  2123 | D:2      | Found a burning altar of Makhleb.
  2135 | D:2      | Found a shimmering altar of Xom.
  2201 | D:2      | Noticed Natasha
  2244 | D:2      | Killed Natasha
  2491 | D:2      | Noticed Natasha
  2549 | D:2      | Killed Natasha
  2549 | D:2      | Reached XP level 5. HP: 32/50 MP: 8/10
  2937 | D:2      | Killed Crazy Yiuf
  3447 | D:3      | Reached XP level 6. HP: 54/61 MP: 11/11
  3507 | D:3      | Learned a level 3 spell: Stone Arrow
  3786 | D:4      | Reached skill level 1 in Conjurations
  4056 | D:4      | Reached skill level 5 in Earth Magic
  4062 | D:4      | Reached XP level 7. HP: 43/70 MP: 2/13
  4282 | D:5      | Entered Level 5 of the Dungeon
  5198 | D:5      | Reached XP level 8. HP: 70/79 MP: 11/15
  5411 | D:6      | Reached skill level 5 in Fighting
  5437 | D:6      | Found a staircase to the Ecumenical Temple.
  5525 | D:6      | Noticed Pikel
  5540 | D:6      | Slain by a slave

Levels and vault maps discovered:
D:1:      psy_arrival_dodecagon, layout_basic, chequers_serial_rivers_micro_d
D:2:      layout_loops_corners, amethyst_overflow_temple_binary,
          minmay_lizard_king, uniq_crazy_yiuf_cottage, uniq_natasha
D:3:      layout_loops_ring
D:4:      layout_basic
D:5:      layout_loops_cross, first_ration
D:6:      layout_cave_pools, nemelex_xobeh_ov_fountains_minmay,
          minmay_temple_entry_from_below_a, uniq_grinder, uniq_duvessa,
          uniq_menkaure, uniq_eustachio, uniq_pikel

Skill      XL: |  1  2  3  4  5  6  7  8 |
---------------+-------------------------+-----
Earth Magic    | 3 4 5 |  5.9
Fighting       | 1 2 3 4 5 |  5.0
Spellcasting   | 3 4 |  4.9
Conjurations   | 1 3 |  3.3
Dodging        | |  1.7
Stealth        | |  1.4
Transmutations | |  0.8

Action                   |  1- 3 |  4- 6 |  7- 9 || total
-------------------------+-------+-------+-------++-------
Melee: Dagger            |    83 |       |       ||    83
       Unarmed           |    12 |     1 |       ||    13
       Flail             |       |    50 |       ||    50
       Mace              |       |   128 |    61 ||   189
 Cast: Sandblast         |    18 |    34 |    31 ||    83
  Use: Potion            |       |     2 |       ||     2
       Scroll            |       |     1 |       ||     1
 Stab: Sleeping          |     2 |     2 |     2 ||     6
  Eat: Chunk             |     3 |     7 |     4 ||    14
Armor: Robe              |    29 |   100 |    30 ||   159
       Skin              |       |     2 |       ||     2
Dodge: Dodged            |    78 |   142 |    73 ||   293
